Kings vs Coyotes
(R1)
Created - 1 mars 2015 at 21:53
Goals
|
| Kings |
0 |
1 |
2 |
3 |
| Coyotes |
1 |
2 |
1 |
4 |
|
Shots
|
| Kings |
9 |
10 |
10 |
29 |
| Coyotes |
13 |
14 |
5 |
32 |
|
1st period
1. Coyotes , Tyler Ennis 17 (Tim Connolly, Marian Gaborik) at 15:03 (PP)
Penalties :
Mikkel Boedker (LAK) for Kneeing (Major) at 5:24, Mikkel Boedker (LAK) for Boarding (Minor) at 11:32, Joe Sakic (LAK) for Hooking (Minor) at 13:49, Tyler Ennis (Ari) for Holding Stick (Minor) at 18:55
2nd period
2. Coyotes , Adrian Aucoin 3 (Denis Grebeshkov, Ryan Miller) at 6:23
3. Coyotes , Tyler Ennis 18 (Tim Connolly, Denis Grebeshkov) at 7:20 (PP)
4. Kings , Mikkel Boedker 17 (Anze Kopitar, Michel Ouellet) at 8:37
Penalties :
Tyler Ennis (Ari) for Hooking (Minor) at 3:43, Travis Hamonic (LAK) for Hooking (Minor) at 7:10, Tyler Ennis (Ari) for Holding (Minor) at 9:38, Mikkel Boedker (LAK) for Cross-checking (Minor) at 14:01
3rd period
5. Coyotes , Frans Nielsen 25 (Drew Miller, Chris Stewart) at 7:34
6. Kings , Anze Kopitar 30 (Mike Green, James Neal) at 10:26 (PP)
7. Kings , Anze Kopitar 31 (James Neal, Oliver Ekman-Larsson) at 15:00 (PP)
Penalties :
Shawn Thornton (Ari) for Hooking (Minor) at 3:45, Jamie Benn (LAK) for Tripping (Minor) at 7:41, Sami Kapanen (Ari) for Roughing (Minor) at 10:18, Anton Stralman (Ari) for Tripping (Minor) at 13:50, Chad Larose (Ari) for Hooking (Minor) at 14:47, Erik Cole (Ari) for Hooking (Minor) at 19:19
Goalie Stats
Jonathan Bernier (LAK), 28 saves from 32 shots - (0,875), L, 11-11-2, 59:05 minutes
Ryan Miller (Ari), 26 saves from 29 shots - (0,897), W, 33-13-6, 60:00 minutes
Players Stats for Kings
Player Name G A P +/- PIM S H SB GA TA FO MP PP MP PK MP
------------------------------------------------------------------------------------
Andy Rogers 0 0 0 0 0 1 2 3 0 0 0/0 19:41 3:59 7:06
Antti Miettinen 0 0 0 -1 0 2 0 0 0 0 0/0 12:26 0:00 5:31
Anze Kopitar 2 1 3 0 0 3 2 0 0 0 13/29 22:08 6:39 2:54
Brandon Dubinsky 0 0 0 -1 0 3 2 1 0 1 3/5 12:40 4:46 0:28
Branko Radivojevic 0 0 0 0 0 4 0 0 0 0 0/1 10:26 0:00 4:25
James Neal 0 2 2 0 0 0 3 0 0 0 1/3 18:34 6:54 0:04
Jamie Benn 0 0 0 -1 2 2 0 1 0 0 0/0 14:12 4:46 1:52
Joe Sakic 0 0 0 0 2 1 0 0 0 0 10/21 14:54 0:15 4:42
Jordan Eberle 0 0 0 0 0 2 2 0 0 0 1/1 18:48 6:54 0:00
Marc-Édouard Vlasic 0 0 0 0 0 1 2 1 0 0 0/0 20:51 4:04 4:10
Michel Ouellet 0 1 1 0 0 0 1 2 0 0 0/1 11:01 0:00 0:00
Mike Green 0 1 1 -1 0 4 3 1 1 2 0/0 27:01 7:36 4:47
Mikkel Boedker 1 0 1 0 9 3 2 0 0 0 1/2 15:50 4:46 0:00
Nathan Dempsey 0 0 0 0 0 1 2 0 0 0 0/0 13:47 0:05 0:41
Oliver Ekman-Larsson 0 1 1 0 0 1 1 1 0 2 0/0 17:21 7:36 1:15
Randy Robitaille 0 0 0 0 0 1 0 1 0 1 2/3 10:26 0:00 4:25
Sean Avery 0 0 0 0 0 0 0 0 0 0 1/1 6:10 0:00 0:19
Travis Hamonic 0 0 0 -1 2 0 0 0 0 0 0/0 21:18 0:00 6:41
Players Stats for Coyotes
Player Name G A P +/- PIM S H SB GA TA FO MP PP MP PK MP
------------------------------------------------------------------------------------
Adrian Aucoin 1 0 1 0 0 2 1 1 0 0 0/0 19:02 4:23 0:14
Andy Sutton 0 0 0 0 0 1 6 0 0 0 0/0 19:09 1:21 6:52
Anton Stralman 0 0 0 0 2 2 0 2 0 0 0/0 20:37 4:30 4:34
Chad Larose 0 0 0 0 2 1 1 0 0 0 2/2 14:37 1:17 5:23
Chris Stewart 0 1 1 0 0 3 2 0 0 0 0/1 13:55 4:53 0:00
Denis Grebeshkov 0 2 2 1 0 0 0 1 0 0 0/0 26:11 6:56 5:01
Drew Miller 0 1 1 0 0 3 0 0 2 0 7/13 17:49 1:20 6:54
Erik Christensen 0 0 0 0 0 2 2 2 0 0 1/2 9:53 1:22 0:49
Erik Cole 0 0 0 0 2 0 0 0 0 0 0/1 11:30 0:00 4:18
Frans Nielsen 1 0 1 0 0 4 1 0 1 0 9/17 18:10 4:53 4:18
Kurt Sauer 0 0 0 0 0 1 0 3 0 0 0/0 18:11 0:21 6:39
Marian Gaborik 0 1 1 1 0 3 2 1 1 0 0/0 17:39 6:09 0:00
Saku Koivu 0 0 0 0 0 2 1 0 1 0 1/5 11:20 4:41 0:00
Sami Kapanen 0 0 0 0 2 0 0 0 0 1 0/0 6:11 0:03 0:00
Sergei Gonchar 0 0 0 1 0 0 0 1 0 0 0/0 17:08 7:09 0:00
Shawn Thornton 0 0 0 0 2 0 1 0 0 0 0/0 9:12 0:00 1:13
Tim Connolly 0 2 2 1 0 4 2 0 1 0 15/25 17:43 6:15 0:00
Tyler Ennis 2 0 2 1 6 4 2 0 0 0 0/1 19:42 6:07 0:11
3 Stars
1 - Anze Kopitar (LAK)
2 - Tim Connolly (Ari)
3 - James Neal (LAK)
Power Play
Kings - 2 on 8 Attempt(s) - 25,00%
Coyotes - 2 on 6 Attempt(s) - 33,33%
Penalty Kill
Kings - 4 on 6 Attempt(s) - 66,67%
- Score 0 goal in Penalty Kill
Coyotes - 6 on 8 Attempt(s) - 75,00%
- Score 0 goal in Penalty Kill
Team Stat
Kings - Hits : 22 - Faceoff Wins : 32 - Blocked Shots : 11 - Penalty Minutes : 15
Coyotes - Hits : 21 - Faceoff Wins : 35 - Blocked Shots : 11 - Penalty Minutes : 16
Official
Referees : O'Rourke Dan and Walkom Stephen
Linesman : Pierre Champoux and Steve Miller
Game Notes
No Game Note
Finance
Level 1 -- Attendance: 4961 (82,68%) -- Ticket Income 436 568 $
Level 2 -- Attendance: 4676 (93,52%) -- Ticket Income 233 800 $
Level 3 -- Attendance: 1763 (88,15%) -- Ticket Income 52 890 $
Level 4 -- Attendance: 3813 (95,33%) -- Ticket Income 76 260 $
Luxury Box -- Attendance: 878 (87,80%) -- Ticket Income 143 992 $
Game was played at the The Pack Center'
Total Attendance: 16091 (89,39%)
Total Ticket Income: 943 510 $
Other Income: 141 526 $
Total Income: 1 085 036 $
Kings
5 vs 5 Forward
Center Left Wing Right Wing Time % Phy DF OF
1 Joe Sakic James Neal Jordan Eberle 35 1 2 2
2 Anze Kopitar Mikkel Boedker Michel Ouellet 35 1 2 2
3 Brandon Dubinsky Jamie Benn Antti Miettinen 25 0 3 2
4 Randy Robitaille Sean Avery Branko Radivojevic 5 1 4 0
5 vs 5 Defense
Defense Defense Time % Phy DF OF
1 Travis Hamonic Mike Green 40 1 2 2
2 Nathan Dempsey Marc-Édouard Vlasic 35 1 2 2
3 Andy Rogers Oliver Ekman-Larsson 20 0 3 2
4 Andy Rogers Oliver Ekman-Larsson 5 0 3 2
PowerPlay Forward
Center Left Wing Right Wing Time % Phy DF OF
1 Anze Kopitar James Neal Jordan Eberle 60 1 2 2
2 Brandon Dubinsky Mikkel Boedker Jamie Benn 40 1 2 2
PowerPlay Defense
Defense Defense Time % Phy DF OF
1 Oliver Ekman-Larsson Mike Green 60 0 2 3
2 Andy Rogers Marc-Édouard Vlasic 40 0 2 3
Penalty Kill 4 Players Forward
Center Wing Time % Phy DF OF
1 Joe Sakic Antti Miettinen 60 0 4 1
2 Randy Robitaille Branko Radivojevic 40 0 4 1
Penalty Kill 4 Players Defense
Defense Defense Time % Phy DF OF
1 Andy Rogers Travis Hamonic 60 1 4 0
2 Andy Rogers Mike Green 40 1 4 0
Penalty Kill - 3 Players Forward
Forward Time % Phy DF OF
1 Randy Robitaille 60 0 4 1
2 Anze Kopitar 40 0 4 1
Penalty Kill - 3 Players Defense
Defense Defense Time % Phy DF OF
1 Mike Green Andy Rogers 60 1 4 0
2 Nathan Dempsey Travis Hamonic 40 1 4 0
4 vs 4 Forward
Center Wing Time % Phy DF OF
1 Anze Kopitar Mikkel Boedker 60 1 2 2
2 Joe Sakic James Neal 40 1 2 2
4 vs 4 Defense
Defense Defense Time % Phy DF OF
1 Andy Rogers Mike Green 60 1 2 2
2 Nathan Dempsey Marc-Édouard Vlasic 40 1 2 2
Last Minutes Offensive
Center Left Wing Right Wing Defense Defense
Anze Kopitar Mikkel Boedker Jordan Eberle Marc-Édouard Vlasic Mike Green
Last Minutes Defensive
Center Left Wing Right Wing Defense Defense
Anze Kopitar James Neal Antti Miettinen Andy Rogers Mike Green
Goaltenders
Starting : Jonathan Bernier
Backup : Jean-Sébastien Giguère
Extra Forwards
Normal : Anze Kopitar, Mikkel Boedker, Jordan Eberle - PP : Joe Sakic, Michel Ouellet - PK : Anze Kopitar
Extra Defensemen
Normal : Mike Green, Marc-Édouard Vlasic, Oliver Ekman-Larsson - PP : Nathan Dempsey - PK : Marc-Édouard Vlasic, Oliver Ekman-Larsson
Penalty Shots
Anze Kopitar, Mike Green, Mikkel Boedker, James Neal, Branko Radivojevic
Coyotes
5 vs 5 Forward
Center Left Wing Right Wing Time % Phy DF OF
1 Tim Connolly Tyler Ennis Marian Gaborik 35 1 1 3
2 Frans Nielsen Drew Miller Chris Stewart 28 1 2 2
3 Saku Koivu Erik Cole Chad Larose 25 2 2 1
4 Erik Christensen Shawn Thornton Sami Kapanen 12 2 2 1
5 vs 5 Defense
Defense Defense Time % Phy DF OF
1 Denis Grebeshkov Adrian Aucoin 37 1 3 1
2 Kurt Sauer Anton Stralman 34 1 3 1
3 Sergei Gonchar Andy Sutton 28 2 2 1
4 Kurt Sauer Denis Grebeshkov 1 1 4 0
PowerPlay Forward
Center Left Wing Right Wing Time % Phy DF OF
1 Tim Connolly Tyler Ennis Marian Gaborik 57 0 0 5
2 Saku Koivu Frans Nielsen Chris Stewart 43 0 0 5
PowerPlay Defense
Defense Defense Time % Phy DF OF
1 Denis Grebeshkov Sergei Gonchar 57 0 0 5
2 Anton Stralman Adrian Aucoin 43 0 0 5
Penalty Kill 4 Players Forward
Center Wing Time % Phy DF OF
1 Drew Miller Chad Larose 54 0 5 0
2 Frans Nielsen Erik Cole 46 0 5 0
Penalty Kill 4 Players Defense
Defense Defense Time % Phy DF OF
1 Kurt Sauer Andy Sutton 54 1 4 0
2 Anton Stralman Denis Grebeshkov 46 1 4 0
Penalty Kill - 3 Players Forward
Forward Time % Phy DF OF
1 Drew Miller 52 0 5 0
2 Chad Larose 48 0 5 0
Penalty Kill - 3 Players Defense
Defense Defense Time % Phy DF OF
1 Andy Sutton Kurt Sauer 52 0 5 0
2 Anton Stralman Denis Grebeshkov 48 0 5 0
4 vs 4 Forward
Center Wing Time % Phy DF OF
1 Tim Connolly Marian Gaborik 52 1 1 3
2 Frans Nielsen Drew Miller 48 1 2 2
4 vs 4 Defense
Defense Defense Time % Phy DF OF
1 Kurt Sauer Anton Stralman 52 1 3 1
2 Denis Grebeshkov Sergei Gonchar 48 1 2 2
Last Minutes Offensive
Center Left Wing Right Wing Defense Defense
Tim Connolly Tyler Ennis Marian Gaborik Denis Grebeshkov Anton Stralman
Last Minutes Defensive
Center Left Wing Right Wing Defense Defense
Drew Miller Erik Cole Chad Larose Kurt Sauer Anton Stralman
Goaltenders
Starting : Ryan Miller
Backup : Marc Denis
Extra Forwards
Normal : Marian Gaborik, Tyler Ennis, Chris Stewart - PP : Marian Gaborik, Chris Stewart - PK : Drew Miller
Extra Defensemen
Normal : Denis Grebeshkov, Kurt Sauer, Anton Stralman - PP : Denis Grebeshkov - PK : Andy Sutton, Kurt Sauer
Penalty Shots
Marian Gaborik, Tyler Ennis, Chad Larose, Drew Miller, Tim Connolly
% Time on Ice - Kings
Lines # - Real PCT - Wanted PCT - Time Play
Normal Forward
1 - 33% - 35% - 11:33
2 - 33% - 35% - 11:47
3 - 18% - 25% - 6:15
4 - 17% - 5% - 5:51
Normal Defense
1 - 43% - 40% - 15:18
2 - 36% - 35% - 12:48
3 - 18% - 20% - 6:26
4 - 3% - 5% - 0:54
PP Forward
1 - 59% - 60% - 6:54
2 - 41% - 40% - 4:46
PP Defense
1 - 65% - 60% - 7:36
2 - 35% - 40% - 4:04
PK Forward
1 - 64% - 60% - 7:55
2 - 36% - 40% - 4:25
PK Defense
1 - 61% - 60% - 7:33
2 - 39% - 40% - 4:47
PK3 Forward
1 - 0% - 60%
2 - 0% - 40%
PK3 Defense
1 - 0% - 60%
2 - 0% - 40%
44 Forward
1 - 0% - 60%
2 - 0% - 40%
44 Defense
1 - 0% - 60%
2 - 0% - 40%
Last Minute Offensive - 0:34
Last Minute Defensive - 0:00
Total
Forward - 60:00
Defense - 60:00
|
% Time on Ice - Coyotes
Lines # - Real PCT - Wanted PCT - Time Play
Normal Forward
1 - 38% - 35% - 13:25
2 - 26% - 28% - 9:19
3 - 19% - 25% - 6:34
4 - 17% - 12% - 6:09
Normal Defense
1 - 40% - 37% - 14:09
2 - 33% - 34% - 11:51
3 - 27% - 28% - 9:27
4 - 0% - 1% - 0:00
PP Forward
1 - 60% - 57% - 7:21
2 - 40% - 43% - 4:59
PP Defense
1 - 61% - 57% - 7:29
2 - 39% - 43% - 4:51
PK Forward
1 - 62% - 54% - 7:09
2 - 38% - 46% - 4:18
PK Defense
1 - 58% - 54% - 6:39
2 - 42% - 46% - 4:48
PK3 Forward
1 - 100% - 52% - 0:13
2 - 0% - 48% - 0:00
PK3 Defense
1 - 0% - 52% - 0:00
2 - 100% - 48% - 0:13
44 Forward
1 - 0% - 52%
2 - 0% - 48%
44 Defense
1 - 0% - 52%
2 - 0% - 48%
Last Minute Offensive - 0:00
Last Minute Defensive - 0:33
Total
Forward - 60:00
Defense - 60:00
|
Play by Play
1st period
0:01 of 1st period - James Neal wins face-off versus Tim Connolly in neutral zone.
0:49 of 1st period - Wrist shot by Brandon Dubinsky.
0:49 of 1st period - Stopped by Ryan Miller with a rebound.
0:51 of 1st period - Snap shot by Nathan Dempsey.
0:51 of 1st period - Deflect By Denis Grebeshkov.
0:51 of 1st period - Stopped by Ryan Miller without a rebound.
0:52 of 1st period - Randy Robitaille wins face-off versus Erik Cole in Coyotes zone.
0:55 of 1st period - Wrist shot by Branko Radivojevic.
0:55 of 1st period - Stopped by Ryan Miller with a rebound.
1:01 of 1st period - Slapshot by Branko Radivojevic.
1:01 of 1st period - Stopped by Ryan Miller with a rebound.
1:03 of 1st period - Slapshot by Oliver Ekman-Larsson.
1:03 of 1st period - Shot Misses the Net.
1:05 of 1st period - Snap shot by Andy Rogers.
1:05 of 1st period - Shot Misses the Net.
1:44 of 1st period - Snap shot by Marian Gaborik.
1:44 of 1st period - Stopped by Jonathan Bernier without a rebound.
1:45 of 1st period - Jordan Eberle wins face-off versus Frans Nielsen in Kings zone.
2:10 of 1st period - Oliver Ekman-Larsson is hit by Andy Sutton and loses puck.
2:15 of 1st period - Wrist shot by Marian Gaborik.
2:15 of 1st period - Shot Misses the Net.
2:37 of 1st period - Antti Miettinen is hit by Adrian Aucoin and loses puck.
2:44 of 1st period - Chad Larose is hit by Brandon Dubinsky and loses puck.
3:29 of 1st period - Slapshot by Frans Nielsen.
3:29 of 1st period - Stopped by Jonathan Bernier without a rebound.
3:30 of 1st period - Anze Kopitar wins face-off versus Tim Connolly in Kings zone.
3:41 of 1st period - Wrist shot by Anze Kopitar.
3:41 of 1st period - Shot Misses the Net.
3:57 of 1st period - Saku Koivu is hit by Nathan Dempsey and loses puck.
4:18 of 1st period - Kurt Sauer is hit by Nathan Dempsey and loses puck.
4:37 of 1st period - Shawn Thornton is hit by Mike Green and loses puck.
5:12 of 1st period - Tyler Ennis is hit by Andy Rogers and loses puck.
5:24 of 1st period - Major Penalty to Mikkel Boedker for Kneeing.
5:25 of 1st period - Tim Connolly wins face-off versus Joe Sakic in Kings zone.
8:16 of 1st period - Mike Green is hit by Chad Larose and loses puck.
8:53 of 1st period - Joe Sakic is hit by Andy Sutton and loses puck.
10:24 of 1st period - Penalty to Mikkel Boedker is over, Mikkel Boedker is back on ice.
10:41 of 1st period - Wrist shot by Joe Sakic.
10:41 of 1st period - Stopped by Ryan Miller with a rebound.
11:32 of 1st period - Minor Penalty to Mikkel Boedker for Boarding.
11:33 of 1st period - Tim Connolly wins face-off versus Joe Sakic in Kings zone.
12:20 of 1st period - Icing by Denis Grebeshkov.
12:21 of 1st period - Joe Sakic wins face-off versus Saku Koivu in Coyotes zone.
13:18 of 1st period - Snap shot by Antti Miettinen.
13:18 of 1st period - Stopped by Ryan Miller without a rebound.
13:19 of 1st period - Anze Kopitar wins face-off versus Saku Koivu in Coyotes zone.
13:32 of 1st period - Penalty to Mikkel Boedker is over, Mikkel Boedker is back on ice.
13:34 of 1st period - Wrist shot by Anze Kopitar.
13:34 of 1st period - Stopped by Ryan Miller without a rebound.
13:35 of 1st period - Joe Sakic wins face-off versus Tim Connolly in Coyotes zone.
13:49 of 1st period - Minor Penalty to Joe Sakic for Hooking.
13:50 of 1st period - Anze Kopitar wins face-off versus Tim Connolly in Kings zone.
13:57 of 1st period - Icing by Denis Grebeshkov.
13:58 of 1st period - Tim Connolly wins face-off versus Anze Kopitar in Coyotes zone.
14:03 of 1st period - Slapshot by Sergei Gonchar.
14:03 of 1st period - Deflect By Tim Connolly.
14:03 of 1st period - Stopped by Jonathan Bernier with a rebound.
14:16 of 1st period - Icing by Marian Gaborik.
14:17 of 1st period - Tim Connolly wins face-off versus Randy Robitaille in Coyotes zone.
14:26 of 1st period - Slapshot by Tim Connolly.
14:26 of 1st period - Stopped by Jonathan Bernier with a rebound.
14:42 of 1st period - Backhand shot by Marian Gaborik.
14:42 of 1st period - Shot Blocked by Andy Rogers.
14:44 of 1st period - Wrist shot by Tim Connolly.
14:44 of 1st period - Shot Blocked by Randy Robitaille.
15:03 of 1st period - Slapshot by Tim Connolly.
15:03 of 1st period - Deflect By Tyler Ennis.
15:03 of 1st period - Goal by Tyler Ennis - Kings : 0 - Coyotes : 1.
15:04 of 1st period - Frans Nielsen wins face-off versus Mikkel Boedker in neutral zone.
15:09 of 1st period - Backhand shot by Drew Miller.
15:09 of 1st period - Shot Misses the Net.
15:11 of 1st period - Snap shot by Chris Stewart.
15:11 of 1st period - Stopped by Jonathan Bernier without a rebound.
15:12 of 1st period - Anze Kopitar wins face-off versus Frans Nielsen in Kings zone.
15:29 of 1st period - Snap shot by Frans Nielsen.
15:29 of 1st period - Shot Misses the Net.
15:31 of 1st period - Slapshot by Frans Nielsen.
15:31 of 1st period - Stopped by Jonathan Bernier with a rebound.
15:33 of 1st period - Wrist shot by Chris Stewart.
15:33 of 1st period - Stopped by Jonathan Bernier without a rebound.
15:34 of 1st period - Joe Sakic wins face-off versus Tyler Ennis in Kings zone.
16:01 of 1st period - Adrian Aucoin is hit by Michel Ouellet.
16:54 of 1st period - Wrist shot by Erik Christensen.
16:54 of 1st period - Stopped by Jonathan Bernier with a rebound.
17:10 of 1st period - Nathan Dempsey is hit by Tyler Ennis and loses puck.
17:17 of 1st period - Wrist shot by Tyler Ennis.
17:17 of 1st period - Shot Misses the Net.
17:19 of 1st period - Slapshot by Tyler Ennis.
17:19 of 1st period - Stopped by Jonathan Bernier without a rebound.
17:20 of 1st period - Chad Larose wins face-off versus Joe Sakic in Kings zone.
17:35 of 1st period - Slapshot by Mike Green.
17:35 of 1st period - Stopped by Ryan Miller without a rebound.
17:36 of 1st period - Anze Kopitar wins face-off versus Tim Connolly in Coyotes zone.
18:05 of 1st period - Wrist shot by Erik Cole.
18:05 of 1st period - Shot Misses the Net.
18:07 of 1st period - Wrist shot by Saku Koivu.
18:07 of 1st period - Stopped by Jonathan Bernier with a rebound.
18:09 of 1st period - Snap shot by Saku Koivu.
18:09 of 1st period - Shot Misses the Net.
18:11 of 1st period - Slapshot by Kurt Sauer.
18:11 of 1st period - Shot Misses the Net.
18:13 of 1st period - Slapshot by Kurt Sauer.
18:13 of 1st period - Stopped by Jonathan Bernier with a rebound.
18:15 of 1st period - Snap shot by Saku Koivu.
18:15 of 1st period - Shot Blocked by Michel Ouellet.
18:25 of 1st period - Travis Hamonic is hit by Erik Christensen and loses puck.
18:32 of 1st period - Snap shot by Anton Stralman.
18:32 of 1st period - Stopped by Jonathan Bernier with a rebound.
18:42 of 1st period - Wrist shot by Mikkel Boedker.
18:42 of 1st period - Shot Misses the Net.
18:44 of 1st period - Snap shot by Andy Rogers.
18:44 of 1st period - Stopped by Ryan Miller without a rebound.
18:45 of 1st period - Tim Connolly wins face-off versus Joe Sakic in Coyotes zone.
18:55 of 1st period - Minor Penalty to Tyler Ennis for Holding Stick.
18:56 of 1st period - Anze Kopitar wins face-off versus Drew Miller in Coyotes zone.
19:34 of 1st period - Marc-Édouard Vlasic is hit by Andy Sutton and loses puck.
Goals for this period are 0 for Kings vs 1 for Coyotes.
Shots for this period are 9 for Kings vs 13 for Coyotes.
2nd period
0:01 of 2nd period - Anze Kopitar wins face-off versus Drew Miller in neutral zone.
0:47 of 2nd period - Snap shot by Frans Nielsen.
0:47 of 2nd period - Stopped by Jonathan Bernier with a rebound.
0:55 of 2nd period - Penalty to Tyler Ennis is over, Tyler Ennis is back on ice.
1:17 of 2nd period - Slapshot by Marc-Édouard Vlasic.
1:17 of 2nd period - Deflect By Branko Radivojevic.
1:17 of 2nd period - Shot Misses the Net.
1:17 of 2nd period - Puck is out of play.
1:18 of 2nd period - Randy Robitaille wins face-off versus Tim Connolly in Coyotes zone.
1:21 of 2nd period - Wrist shot by Branko Radivojevic.
1:21 of 2nd period - Stopped by Ryan Miller with a rebound.
1:25 of 2nd period - Snap shot by Marc-Édouard Vlasic.
1:25 of 2nd period - Shot Blocked by Sergei Gonchar.
1:27 of 2nd period - Slapshot by Marc-Édouard Vlasic.
1:27 of 2nd period - Shot Misses the Net.
1:29 of 2nd period - Snap shot by Branko Radivojevic.
1:29 of 2nd period - Stopped by Ryan Miller with a rebound.
1:31 of 2nd period - Snap shot by Randy Robitaille.
1:31 of 2nd period - Stopped by Ryan Miller without a rebound.
1:32 of 2nd period - Joe Sakic wins face-off versus Erik Christensen in Coyotes zone.
1:49 of 2nd period - Nathan Dempsey is hit by Andy Sutton.
2:22 of 2nd period - Anze Kopitar is hit by Chris Stewart and loses puck.
2:33 of 2nd period - Snap shot by Drew Miller.
2:33 of 2nd period - Stopped by Jonathan Bernier with a rebound.
2:43 of 2nd period - Snap shot by Saku Koivu.
2:43 of 2nd period - Stopped by Jonathan Bernier with a rebound.
2:45 of 2nd period - Snap shot by Anton Stralman.
2:45 of 2nd period - Deflect By Mikkel Boedker.
2:45 of 2nd period - Stopped by Jonathan Bernier without a rebound.
2:46 of 2nd period - Joe Sakic wins face-off versus Saku Koivu in Kings zone.
2:50 of 2nd period - Off-side.
2:51 of 2nd period - Joe Sakic wins face-off versus Tim Connolly in neutral zone.
3:18 of 2nd period - Slapshot by Brandon Dubinsky.
3:18 of 2nd period - Deflect By Jamie Benn.
3:18 of 2nd period - Stopped by Ryan Miller with a rebound.
3:20 of 2nd period - Slapshot by Oliver Ekman-Larsson.
3:20 of 2nd period - Stopped by Ryan Miller without a rebound.
3:21 of 2nd period - Mikkel Boedker wins face-off versus Frans Nielsen in Coyotes zone.
3:34 of 2nd period - Snap shot by Mikkel Boedker.
3:34 of 2nd period - Stopped by Ryan Miller without a rebound.
3:35 of 2nd period - Joe Sakic wins face-off versus Tim Connolly in Coyotes zone.
3:43 of 2nd period - Minor Penalty to Tyler Ennis for Hooking.
3:44 of 2nd period - Drew Miller wins face-off versus Anze Kopitar in Coyotes zone.
4:07 of 2nd period - Icing by Mike Green.
4:08 of 2nd period - Brandon Dubinsky wins face-off versus Frans Nielsen in Kings zone.
4:13 of 2nd period - Snap shot by Mikkel Boedker.
4:13 of 2nd period - Shot Misses the Net.
4:15 of 2nd period - Slapshot by Brandon Dubinsky.
4:15 of 2nd period - Stopped by Ryan Miller without a rebound.
4:16 of 2nd period - Anze Kopitar wins face-off versus Drew Miller in Coyotes zone.
5:43 of 2nd period - Penalty to Tyler Ennis is over, Tyler Ennis is back on ice.
5:56 of 2nd period - Sami Kapanen is hit by Mike Green and loses puck.
6:23 of 2nd period - Slapshot by Adrian Aucoin.
6:23 of 2nd period - Deflect By Marc-Édouard Vlasic.
6:23 of 2nd period - Goal by Adrian Aucoin - Kings : 0 - Coyotes : 2.
6:24 of 2nd period - Tim Connolly wins face-off versus Joe Sakic in neutral zone.
6:33 of 2nd period - Snap shot by Tim Connolly.
6:33 of 2nd period - Stopped by Jonathan Bernier with a rebound.
7:02 of 2nd period - Slapshot by Chad Larose.
7:02 of 2nd period - Stopped by Jonathan Bernier with a rebound.
7:04 of 2nd period - Wrist shot by Chad Larose.
7:04 of 2nd period - Shot Misses the Net.
7:10 of 2nd period - Minor Penalty to Travis Hamonic for Hooking.
7:11 of 2nd period - Tim Connolly wins face-off versus Joe Sakic in Kings zone.
7:12 of 2nd period - Wrist shot by Marian Gaborik.
7:12 of 2nd period - Deflect By Tim Connolly.
7:12 of 2nd period - Shot Misses the Net.
7:12 of 2nd period - Puck is out of play.
7:13 of 2nd period - Tim Connolly wins face-off versus Joe Sakic in Kings zone.
7:14 of 2nd period - Snap shot by Marian Gaborik.
7:14 of 2nd period - Shot Blocked by Marc-Édouard Vlasic.
7:16 of 2nd period - Slapshot by Denis Grebeshkov.
7:16 of 2nd period - Shot Misses the Net.
7:18 of 2nd period - Snap shot by Tim Connolly.
7:18 of 2nd period - Shot Misses the Net.
7:20 of 2nd period - Snap shot by Tyler Ennis.
7:20 of 2nd period - Goal by Tyler Ennis - Kings : 0 - Coyotes : 3.
7:21 of 2nd period - Frans Nielsen wins face-off versus Anze Kopitar in neutral zone.
7:33 of 2nd period - Off-side.
7:34 of 2nd period - Anze Kopitar wins face-off versus Tim Connolly in neutral zone.
8:10 of 2nd period - Joe Sakic is hit by Tim Connolly and loses puck.
8:27 of 2nd period - Wrist shot by Marian Gaborik.
8:27 of 2nd period - Shot Misses the Net.
8:29 of 2nd period - Snap shot by Marian Gaborik.
8:29 of 2nd period - Shot Blocked by Mike Green.
8:31 of 2nd period - Snap shot by Tyler Ennis.
8:31 of 2nd period - Stopped by Jonathan Bernier without a rebound.
8:32 of 2nd period - Anze Kopitar wins face-off versus Frans Nielsen in Kings zone.
8:37 of 2nd period - Slapshot by Mikkel Boedker.
8:37 of 2nd period - Goal by Mikkel Boedker - Kings : 1 - Coyotes : 3.
8:38 of 2nd period - Frans Nielsen wins face-off versus Anze Kopitar in neutral zone.
8:41 of 2nd period - Mikkel Boedker is hit by Frans Nielsen and loses puck.
8:46 of 2nd period - Slapshot by Drew Miller.
8:46 of 2nd period - Shot Misses the Net.
8:48 of 2nd period - Snap shot by Drew Miller.
8:48 of 2nd period - Shot Misses the Net.
8:50 of 2nd period - Slapshot by Andy Sutton.
8:50 of 2nd period - Shot Misses the Net.
8:52 of 2nd period - Wrist shot by Chris Stewart.
8:52 of 2nd period - Stopped by Jonathan Bernier with a rebound.
9:16 of 2nd period - Jamie Benn is hit by Saku Koivu and loses puck.
9:31 of 2nd period - Off-side.
9:32 of 2nd period - Tim Connolly wins face-off versus Joe Sakic in neutral zone.
9:37 of 2nd period - Wrist shot by Marian Gaborik.
9:37 of 2nd period - Stopped by Jonathan Bernier with a rebound.
9:38 of 2nd period - Minor Penalty to Tyler Ennis for Holding.
9:39 of 2nd period - Anze Kopitar wins face-off versus Drew Miller in Coyotes zone.
9:44 of 2nd period - Wrist shot by Jordan Eberle.
9:44 of 2nd period - Stopped by Ryan Miller without a rebound.
9:45 of 2nd period - Drew Miller wins face-off versus James Neal in Coyotes zone.
9:45 of 2nd period - Drew Miller is hit by Anze Kopitar.
9:57 of 2nd period - Snap shot by Drew Miller.
9:57 of 2nd period - Stopped by Jonathan Bernier with a rebound.
11:38 of 2nd period - Penalty to Tyler Ennis is over, Tyler Ennis is back on ice.
11:40 of 2nd period - Off-side.
11:41 of 2nd period - Tim Connolly wins face-off versus Branko Radivojevic in neutral zone.
11:49 of 2nd period - Icing by Branko Radivojevic.
11:50 of 2nd period - Sean Avery wins face-off versus Tim Connolly in Kings zone.
11:55 of 2nd period - Nathan Dempsey is hit by Tim Connolly and loses puck.
12:49 of 2nd period - Wrist shot by Marian Gaborik.
12:49 of 2nd period - Shot Blocked by Andy Rogers.
12:51 of 2nd period - Snap shot by Tim Connolly.
12:51 of 2nd period - Shot Blocked by Andy Rogers.
12:53 of 2nd period - Snap shot by Marian Gaborik.
12:53 of 2nd period - Stopped by Jonathan Bernier without a rebound.
12:54 of 2nd period - Frans Nielsen wins face-off versus Anze Kopitar in Kings zone.
12:57 of 2nd period - Slapshot by Drew Miller.
12:57 of 2nd period - Stopped by Jonathan Bernier without a rebound.
12:58 of 2nd period - Frans Nielsen wins face-off versus Anze Kopitar in Kings zone.
13:49 of 2nd period - Wrist shot by Antti Miettinen.
13:49 of 2nd period - Deflect By Anton Stralman.
13:49 of 2nd period - Shot Blocked by Kurt Sauer.
13:49 of 2nd period - Puck is out of play.
13:50 of 2nd period - Erik Christensen wins face-off versus Anze Kopitar in Coyotes zone.
13:50 of 2nd period - Erik Christensen is hit by Mikkel Boedker.
14:01 of 2nd period - Minor Penalty to Mikkel Boedker for Cross-checking.
14:02 of 2nd period - Tim Connolly wins face-off versus Joe Sakic in Kings zone.
15:08 of 2nd period - Mike Green is hit by Marian Gaborik.
15:35 of 2nd period - Icing by Tim Connolly.
15:36 of 2nd period - Tim Connolly wins face-off versus Anze Kopitar in Coyotes zone.
16:01 of 2nd period - Penalty to Mikkel Boedker is over, Mikkel Boedker is back on ice.
16:19 of 2nd period - Snap shot by Marc-Édouard Vlasic.
16:19 of 2nd period - Stopped by Ryan Miller without a rebound.
16:20 of 2nd period - Tim Connolly wins face-off versus Anze Kopitar in Coyotes zone.
16:31 of 2nd period - Andy Rogers is hit by Andy Sutton and loses puck.
17:55 of 2nd period - Snap shot by Anze Kopitar.
17:55 of 2nd period - Shot Blocked by Marian Gaborik.
17:57 of 2nd period - Slapshot by Travis Hamonic.
17:57 of 2nd period - Deflect By Michel Ouellet.
17:57 of 2nd period - Shot Blocked by Adrian Aucoin.
17:57 of 2nd period - Puck is out of play.
17:58 of 2nd period - Tim Connolly wins face-off versus Michel Ouellet in Coyotes zone.
18:26 of 2nd period - Snap shot by Frans Nielsen.
18:26 of 2nd period - Shot Misses the Net.
18:46 of 2nd period - Snap shot by Erik Cole.
18:46 of 2nd period - Shot Blocked by Jamie Benn.
18:48 of 2nd period - Slapshot by Kurt Sauer.
18:48 of 2nd period - Shot Blocked by Brandon Dubinsky.
19:12 of 2nd period - Travis Hamonic is hit by Shawn Thornton and loses puck.
19:28 of 2nd period - Off-side.
19:29 of 2nd period - Joe Sakic wins face-off versus Frans Nielsen in neutral zone.
19:40 of 2nd period - Wrist shot by James Neal.
19:40 of 2nd period - Shot Misses the Net.
19:42 of 2nd period - Wrist shot by Marc-Édouard Vlasic.
19:42 of 2nd period - Shot Blocked by Kurt Sauer.
19:44 of 2nd period - Slapshot by James Neal.
19:44 of 2nd period - Shot Misses the Net.
Goals for this period are 1 for Kings vs 2 for Coyotes.
Shots for this period are 10 for Kings vs 14 for Coyotes.
3rd period
0:01 of 3rd period - Frans Nielsen wins face-off versus Joe Sakic in neutral zone.
0:16 of 3rd period - Adrian Aucoin is hit by Marc-Édouard Vlasic and loses puck.
0:34 of 3rd period - Slapshot by Mike Green.
0:34 of 3rd period - Shot Blocked by Denis Grebeshkov.
0:36 of 3rd period - Snap shot by James Neal.
0:36 of 3rd period - Shot Hit the Post.
0:38 of 3rd period - Slapshot by Mike Green.
0:38 of 3rd period - Shot Hit the Post.
0:40 of 3rd period - Wrist shot by Jordan Eberle.
0:40 of 3rd period - Stopped by Ryan Miller with a rebound.
0:42 of 3rd period - Backhand shot by Mike Green.
0:42 of 3rd period - Deflect By Tim Connolly.
0:42 of 3rd period - Stopped by Ryan Miller without a rebound.
0:43 of 3rd period - Anze Kopitar wins face-off versus Frans Nielsen in Coyotes zone.
0:58 of 3rd period - Snap shot by Mikkel Boedker.
0:58 of 3rd period - Stopped by Ryan Miller without a rebound.
0:59 of 3rd period - Brandon Dubinsky wins face-off versus Saku Koivu in Coyotes zone.
1:26 of 3rd period - Frans Nielsen is hit by Mikkel Boedker and loses puck.
1:38 of 3rd period - Icing by Michel Ouellet.
1:39 of 3rd period - Tim Connolly wins face-off versus Anze Kopitar in Kings zone.
1:58 of 3rd period - Nathan Dempsey is hit by Tyler Ennis and loses puck.
2:05 of 3rd period - Slapshot by Marc-Édouard Vlasic.
2:05 of 3rd period - Deflect By Mikkel Boedker.
2:05 of 3rd period - Shot Hit the Post.
2:05 of 3rd period - Puck is out of play.
2:06 of 3rd period - Chad Larose wins face-off versus Joe Sakic in Coyotes zone.
2:21 of 3rd period - Slapshot by Mike Green.
2:21 of 3rd period - Shot Blocked by Anton Stralman.
2:36 of 3rd period - Snap shot by Antti Miettinen.
2:36 of 3rd period - Deflect By Jamie Benn.
2:36 of 3rd period - Stopped by Ryan Miller with a rebound.
2:38 of 3rd period - Snap shot by Antti Miettinen.
2:38 of 3rd period - Stopped by Ryan Miller without a rebound.
2:39 of 3rd period - Frans Nielsen wins face-off versus Anze Kopitar in Coyotes zone.
2:52 of 3rd period - Slapshot by Adrian Aucoin.
2:52 of 3rd period - Shot Blocked by Michel Ouellet.
3:26 of 3rd period - Andy Sutton is hit by Oliver Ekman-Larsson and loses puck.
3:45 of 3rd period - Minor Penalty to Shawn Thornton for Hooking.
3:46 of 3rd period - Drew Miller wins face-off versus Anze Kopitar in Coyotes zone.
3:46 of 3rd period - Drew Miller is hit by James Neal.
4:11 of 3rd period - Erik Cole is hit by Brandon Dubinsky and loses puck.
4:32 of 3rd period - Erik Cole is hit by Jordan Eberle and loses puck.
5:27 of 3rd period - Denis Grebeshkov is hit by Jordan Eberle and loses puck.
5:45 of 3rd period - Penalty to Shawn Thornton is over, Shawn Thornton is back on ice.
6:09 of 3rd period - Snap shot by Jordan Eberle.
6:09 of 3rd period - Shot Blocked by Kurt Sauer.
6:11 of 3rd period - Snap shot by Travis Hamonic.
6:11 of 3rd period - Shot Blocked by Erik Christensen.
6:13 of 3rd period - Slapshot by Jordan Eberle.
6:13 of 3rd period - Shot Misses the Net.
6:15 of 3rd period - Slapshot by Travis Hamonic.
6:15 of 3rd period - Shot Misses the Net.
6:17 of 3rd period - Slapshot by Marc-Édouard Vlasic.
6:17 of 3rd period - Shot Misses the Net.
6:19 of 3rd period - Wrist shot by James Neal.
6:19 of 3rd period - Shot Misses the Net.
6:52 of 3rd period - Slapshot by Adrian Aucoin.
6:52 of 3rd period - Deflect By Anze Kopitar.
6:52 of 3rd period - Stopped by Jonathan Bernier with a rebound.
6:54 of 3rd period - Slapshot by Shawn Thornton.
6:54 of 3rd period - Deflect By Erik Christensen.
6:54 of 3rd period - Stopped by Jonathan Bernier with a rebound.
7:16 of 3rd period - Wrist shot by Tyler Ennis.
7:16 of 3rd period - Deflect By Shawn Thornton.
7:16 of 3rd period - Shot Misses the Net.
7:16 of 3rd period - Puck is out of play.
7:17 of 3rd period - Frans Nielsen wins face-off versus Brandon Dubinsky in Kings zone.
7:34 of 3rd period - Snap shot by Frans Nielsen.
7:34 of 3rd period - Goal by Frans Nielsen - Kings : 1 - Coyotes : 4.
7:35 of 3rd period - Frans Nielsen wins face-off versus Brandon Dubinsky in neutral zone.
7:41 of 3rd period - Minor Penalty to Jamie Benn for Tripping.
7:42 of 3rd period - Joe Sakic wins face-off versus Chris Stewart in Kings zone.
8:38 of 3rd period - Anton Stralman is hit by Andy Rogers and loses puck.
9:41 of 3rd period - Penalty to Jamie Benn is over, Jamie Benn is back on ice.
9:56 of 3rd period - Backhand shot by Mikkel Boedker.
9:56 of 3rd period - Shot Blocked by Erik Christensen.
9:58 of 3rd period - Slapshot by Mikkel Boedker.
9:58 of 3rd period - Shot Misses the Net.
10:18 of 3rd period - Minor Penalty to Sami Kapanen for Roughing.
10:19 of 3rd period - Anze Kopitar wins face-off versus Drew Miller in Coyotes zone.
10:26 of 3rd period - Slapshot by Mike Green.
10:26 of 3rd period - Deflect By Anze Kopitar.
10:26 of 3rd period - Goal by Anze Kopitar - Kings : 2 - Coyotes : 4.
10:27 of 3rd period - Saku Koivu wins face-off versus Anze Kopitar in neutral zone.
11:30 of 3rd period - Wrist shot by Antti Miettinen.
11:30 of 3rd period - Shot Misses the Net.
11:58 of 3rd period - Tim Connolly is hit by Marc-Édouard Vlasic and loses puck.
12:05 of 3rd period - Wrist shot by Michel Ouellet.
12:05 of 3rd period - Shot Misses the Net.
12:13 of 3rd period - Snap shot by Tim Connolly.
12:13 of 3rd period - Stopped by Jonathan Bernier without a rebound.
12:14 of 3rd period - Joe Sakic wins face-off versus Frans Nielsen in Kings zone.
13:50 of 3rd period - Minor Penalty to Anton Stralman for Tripping.
13:51 of 3rd period - Drew Miller wins face-off versus James Neal in Coyotes zone.
13:59 of 3rd period - Slapshot by Mike Green.
13:59 of 3rd period - Stopped by Ryan Miller with a rebound.
14:40 of 3rd period - Chad Larose is hit by James Neal and loses puck.
14:47 of 3rd period - Minor Penalty to Chad Larose for Hooking.
14:48 of 3rd period - Drew Miller wins face-off versus Anze Kopitar in Coyotes zone.
14:48 of 3rd period - Drew Miller is hit by James Neal.
15:00 of 3rd period - Slapshot by Anze Kopitar.
15:00 of 3rd period - Goal by Anze Kopitar - Kings : 3 - Coyotes : 4.
15:01 of 3rd period - Drew Miller wins face-off versus Anze Kopitar in neutral zone.
15:08 of 3rd period - Slapshot by Andy Sutton.
15:08 of 3rd period - Stopped by Jonathan Bernier with a rebound.
15:14 of 3rd period - Slapshot by Andy Sutton.
15:14 of 3rd period - Shot Blocked by Oliver Ekman-Larsson.
15:59 of 3rd period - Shawn Thornton is hit by Anze Kopitar.
16:47 of 3rd period - Penalty to Chad Larose is over, Chad Larose is back on ice.
17:18 of 3rd period - Nathan Dempsey is hit by Chris Stewart.
17:38 of 3rd period - Joe Sakic is hit by Marian Gaborik and loses puck.
18:01 of 3rd period - Joe Sakic is hit by Erik Christensen and loses puck.
18:24 of 3rd period - Jamie Benn is hit by Andy Sutton.
19:05 of 3rd period - Kings, Jonathan Bernier is pulled from the net.
19:15 of 3rd period - Slapshot by Brandon Dubinsky.
19:15 of 3rd period - Stopped by Ryan Miller without a rebound.
19:16 of 3rd period - Paul Maurice call a timeout for Kings.
19:16 of 3rd period - Brandon Dubinsky wins face-off versus Drew Miller in Coyotes zone.
19:17 of 3rd period - Wrist shot by Jordan Eberle.
19:17 of 3rd period - Shot Blocked by Anton Stralman.
19:19 of 3rd period - Minor Penalty to Erik Cole for Hooking.
19:20 of 3rd period - Drew Miller wins face-off versus Anze Kopitar in Coyotes zone.
19:20 of 3rd period - Drew Miller is hit by Mike Green.
19:30 of 3rd period - Slapshot by Mike Green.
19:30 of 3rd period - Shot Misses the Net.
19:32 of 3rd period - Slapshot by Mike Green.
19:32 of 3rd period - Shot Misses the Net.
19:34 of 3rd period - Slapshot by Mike Green.
19:34 of 3rd period - Stopped by Ryan Miller with a rebound.
19:36 of 3rd period - Wrist shot by Jordan Eberle.
19:36 of 3rd period - Shot Misses the Net.
Goals for this period are 2 for Kings vs 1 for Coyotes.
Shots for this period are 10 for Kings vs 5 for Coyotes.
Output by the SimonT Hockey Simulator (STHS) for François Prévost -- Original Page W3C XHTML 1.0 Valid